 Dungeon Crawl Stone Soup version 0.29-a0-40-g8eb35efe60 (webtiles) character file.

Game seed: 14731396062029534389

396 HallandMoats the Ruffian (level 6, 0/55 HPs)
             Began as a Ghoul Monk on Feb 2, 2022.
             Was a Believer of Qazlal.
             Slain by a phantom (7 damage)
             ... on level 4 of the Dungeon.
             The game lasted 00:05:07 (3539 turns).

HallandMoats the Ruffian (Ghoul Monk)               Turns: 3539, Time: 00:05:08

Health: 0/55       AC:  7    Str: 17    XL:     6   Next: 82%
Magic:  7/7        EV: 12    Int:  5    God:    Qazlal [**....]
Gold:   86         SH:  7    Dex: 11    Spells: 5/5 levels left

rFire   . . .      SeeInvis .     - Unarmed
rCold   + + .      Faith    .   (no shield)
rNeg    + + +      Spirit   .   m - +1 acid dragon scales
rPois   ∞          Reflect  +   (no helmet)
rElec   .          Harm     .   (no cloak)
rCorr   +          Rampage  .   (no gloves)
Will    .....                   (no boots)
Stlth   +.........              b - amulet of reflection
HPRegen 0.00/turn               k - ring of protection from cold
MPRegen 0.10/turn               (no ring)

@: inhibited regen
A: claws 1, cold resistance 1, negative energy resistance 3, inhibited
regeneration, torment resistance 2
a: Renounce Religion, Upheaval


You were on level 4 of the Dungeon.
You worshipped Qazlal.
Qazlal was pleased with you.
You visited 1 branch of the dungeon, and saw 5 of its levels.

You collected 136 gold pieces.
You spent 50 gold pieces at shops.

Inventory:

Armour
 m - +1 acid dragon scales (worn)
Jewellery
 b - an amulet of reflection (around neck)
 i - a ring of fire
 k - a ring of protection from cold (left claw)
Wands
 c - a wand of iceblast (11)
Scrolls
 d - 4 scrolls of fog
 e - 2 scrolls of amnesia
 g - 2 scrolls of identify
Potions
 f - a potion of lignification {unknown}
 h - a potion of flight {unknown}


   Skills:
 * Level 4.9 Fighting
 + Level 1.7 Armour
 + Level 3.4 Dodging
 - Level 2.1 Stealth
 * Level 5.0 Unarmed Combat
 * Level 3.4 Invocations


You had 5 spell levels left.
You didn't know any spells.
Your spell library contained the following spells:

 Spells                   Type           Power      Damage    Failure   Level
 Animate Skeleton         Necr           0%         N/A       58%         1
 Apportation              Tloc           0%         N/A       58%         1
 Summon Small Mammal      Summ           0%         N/A       58%         1
 Ensorcelled Hibernation  Hex/Ice        0%         N/A       73%         2
 Passwall                 Tmut/Erth      0%         N/A       73%         2
 Conjure Flame            Conj/Fire      0%         6-21      91%         3
 Gell's Gravitas          Tloc           0%         N/A       91%         3
 Ignite Poison            Fire/Tmut/Pois 0%         N/A       91%         3
 Lesser Beckoning         Tloc           0%         N/A       91%         3
 Swiftness                Air            0%         N/A       91%         3
 Teleport Other           Tloc           0%         N/A       91%         3
 Sticky Flame             Conj/Fire      0%         2d3       100%        4


Dungeon Overview and Level Annotations

Branches:
Dungeon (5/15)
 Temple: D:4-7

Altars:
Qazlal
Wu Jian

Shops:
D:4 **([   D:5 (


Innate Abilities, Weirdness & Mutations

You thrive by killing the living.
You are immune to poison.
You have sharp fingernails.
Your flesh is cold resistant. (rC+)
You are immune to negative energy. (rN+++)
You do not regenerate when monsters are visible.
You are immune to unholy pain and torment.


Message History

You are confused.
You're too confused to attack without stumbling around!
You're too confused to attack without stumbling around!
You're too confused to attack without stumbling around!
You closely miss the orc priest. The phantom hits you.
The orc priest hits you but does no damage.
The orc wizard hits you but does no damage.
The orc priest is engulfed in freezing vapours.
The orc priest hits you but does no damage.
You barely miss the phantom.
The phantom hits you but does no damage.
The orc priest is engulfed in freezing vapours.
The orc priest invokes the aid of Beogh against you.
Beogh smites you!
* * * LOW HITPOINT WARNING * * *
The orc wizard barely misses you.
The orc priest is engulfed in freezing vapours.
You kill the orc priest!
Qazlal accepts your kill. The phantom hits you.
* * * LOW HITPOINT WARNING * * *
Unknown command.
You feel better. The phantom hits you.
* * * LOW HITPOINT WARNING * * *
The phantom blinks!
You blink.
The orc wizard gestures wildly while chanting.
The orc wizard flickers and vanishes!
Deactivating autopickup; reactivate with Ctrl-A.
You feel better. You block the phantom's attack.
You barely miss the phantom. The phantom hits you.
* * * LOW HITPOINT WARNING * * *
You barely miss the phantom. The phantom hits you.
* * * LOW HITPOINT WARNING * * *
You scratch the phantom.
The phantom is lightly damaged.
The phantom misses you. Something hits you but does no damage.
You scratch the phantom but do no damage.
The phantom is lightly damaged.
The phantom hits you!
You die...

## #. #. ##### #.
#...# ## #####...#
#.......#
#@{.....##########
#W....)...........
#....)>...........
######.######.....
#.######.....
#............
########'###.
#≈≈.≈≈#.
###≈♣.♣≈#.


You could see a phantom.

Vanquished Creatures
  An ice beast (D:4)
  A centaur (D:5)
  An orc priest (D:4)
  A hound (D:5)
  2 iguanas (D:4)
  A hound skeleton (D:4)
  4 adders
  A worm (D:2)
  5 dart slugs
  2 orcs
  7 ball pythons
  2 bats (D:2)
  3 endoplasms
  3 giant cockroaches
  6 goblins
  6 hobgoblins
  2 jackals (D:4)
  A quokka (D:4)
  2 frilled lizards
  3 kobolds
  5 rats
59 creatures vanquished.

Notes
Turn   | Place    | Note
-------+----------+-------------------------------------------
     0 | D:1      | HallandMoats the Ghoul Monk began the quest for the Orb.
     0 | D:1      | Reached XP level 1. HP: 19/19 MP: 0/0
   402 | D:1      | Reached XP level 2. HP: 25/26 MP: 1/1
   878 | D:1      | Reached skill level 1 in Invocations
  1479 | D:2      | Reached XP level 3. HP: 31/31 MP: 2/2
  1893 | D:2      | Reached skill level 4 in Unarmed Combat
  1893 | D:2      | Reached XP level 4. HP: 38/40 MP: 4/4
  2436 | D:3      | Reached skill level 1 in Armour
  2748 | D:4      | Found Zettuar's Assorted Antiques.
  2750 | D:4      | Noticed an ice beast
  2766 | D:4      | Killed an ice beast
  2767 | D:4      | Reached XP level 5. HP: 47/47 MP: 5/5
  2788 | D:4      | Bought a scroll of identify for 50 gold pieces
  2874 | D:4      | Found a stormy altar of Qazlal.
  2930 | D:4      | Found Amidu's Weapon Shop.
  2984 | D:4      | Found Ypyjox's General Store.
  3033 | D:4      | Found an ornate altar of the Wu Jian Council.
  3198 | D:4      | Reached XP level 6. HP: 28/53 MP: 7/7
  3452 | D:4      | Found Funil's Antique Armour Shoppe.
  3491 | D:4      | Became a worshipper of Qazlal Stormbringer
  3491 | D:4      | Reached * piety under Qazlal
  3491 | D:4      | Reached ** piety under Qazlal
  3505 | D:5      | Entered Level 5 of the Dungeon
  3505 | D:5      | Found Duehiuza's Weapon Emporium.
  3527 | D:4      | Reached skill level 5 in Unarmed Combat
  3533 | D:4      | HP: 2/55 [phantom (5)]
  3539 | D:4      | Slain by a phantom

Illustrated notes

Levels and vault maps discovered:
D:1:      lemuel_arrival_muddy, layout_basic, eino_curves_03
D:2:      layout_loops_ring, minmay_small_reverse_x
D:3:      layout_loops_cross
D:4:      layout_basic, kennysheep_little_box, lemuel_round_altar, serial_shops,
          shop, nicolae_shop_stone, kennysheep_mini_moat,
          nicolae_shop_hallway_plus, chequers_serial_rivers_room_a
D:5:      layout_cave_pods, serial_shops, shop, uniq_menkaure

Skill      XL: |  1  2  3  4  5  6 |
---------------+-------------------+-----
Invocations    | 1 2 3 |  3.4
Unarmed Combat | 4 5 |  5.0
Dodging        | 3 |  3.4
Armour         | 1 |  1.7
Fighting       | 4 |  4.9
Stealth        | |  2.1

Action                   |  1- 3 |  4- 6 || total
-------------------------+-------+-------++-------
Melee: Unarmed           |    75 |   112 ||   187
       Punch             |     1 |     2 ||     3
  Use: Scroll            |       |     6 ||     6
       Potion            |       |     6 ||     6
 Stab: Sleeping          |     7 |     2 ||     9
Armor: Ring mail         |     9 |       ||     9
       Acid dragon scale |     1 |    40 ||    41
Dodge: Dodged            |    34 |    66 ||   100
Block: Other             |    17 |    35 ||    52
       Reflection        |       |     1 ||     1

Table legend: (Time is in decaauts)
 A = Elapsed time spent in this place.
 B = Non-inter-level travel time spent in this place.
 C = Inter-level travel time spent in this place.
 D = Time resting spent in this place.
 E = Time spent auto-exploring this place.
 F = Levels seen in this place.
 G = Mean time per level.
                   A        B        C        D        E       F      G
               +--------+--------+--------+--------+--------+-----+--------+
         Total |   3524 |   3240 |    284 |    146 |   2644 |   5 |  704.8 |
       Dungeon |   3524 |   3240 |    284 |    146 |   2644 |   5 |  704.8 |
               +--------+--------+--------+--------+--------+-----+--------+

Top non-repeatable levels by time:
     D:1: 1246 daAuts
     D:2: 854 daAuts
     D:4: 775 daAuts
     D:3: 636 daAuts
     D:5: 11 daAuts
